 Dungeon Sprint DCSS version 0.30.1-3-gfc49f6343a (webtiles) character file.

Game seed: 6281328103501374592

9406180 Groucho the End of an Era (level 23, 240/240 HPs)
             Began as a Minotaur Fighter on Aug 6, 2023.
             Was the Champion of Qazlal.
             Escaped with the Orb
             ... and 9 runes!
             The game lasted 01:04:30 (59326 turns).

Groucho the End of an Era (Minotaur Fighter)       Turns: 59326, Time: 01:04:30

Health: 240/240    AC: 43    Str: 35    XL:     23   Next: 0%
Magic:  47/47      EV: 22    Int:  3    God:    Qazlal [******]
Gold:   83         SH: 37    Dex: 11    Spells: 76/76 levels left

rFire   + . .        C - +9 broad axe (flame)
rCold   . . .        F - +5 tower shield
rNeg    + . .        H - +6 gold dragon scales
rPois   +            w - +2 hat
rElec   +            n - +1 cloak
rCorr   .            r - +1 pair of gloves {Stlth+}
SInv    +            A - +0 pair of boots "Foong" {Rampage Int-3 Slay+6 Stlth+}
Will    ++...        y - amulet of the acrobat
Stlth   x              - +5 ring of evasion
HPRegen 0.60/turn    G - ring "Rahih" {rN+ Will+ Str+3 SInv}
MPRegen 0.30/turn

%: no teleportation, repel missiles, acrobat, rampage
@: no status effects
A: horns 2, retaliatory headbutt, low MP 1, screaming 1, electricity resistance,
strong 1, cold vulnerability 1
0: Orb of Zot
}: 9/17 runes: decaying, serpentine, barnacled, slimy, elven, silver, golden,
abyssal, gossamer
a: Renounce Religion, Upheaval, Elemental Force, Disaster Area


You escaped.
You worshipped Qazlal.
Qazlal was exalted by your worship.
You visited 1 branch You collected 1968 gold pieces.
You spent 1885 gold pieces at shops.

Inventory:

Hand Weapons
 p - a +5 hand crossbow of flaming
 q - the +7 lajatang of Order {silver, rMut}
   (You found it in the Dungeon)

   rMut:      It protects you from mutation.
 C - a +9 broad axe of flaming (weapon)
Armour
 n - a +1 cloak (worn)
 r - a +1 pair of gloves of stealth (worn)
 w - a +2 hat (worn)
 A - the +0 pair of boots "Foong" (worn) {Rampage Int-3 Slay+6 Stlth+}
   (You found it in the Dungeon)

   Int:       It affects your intelligence (-3).
   Slay:      It affects your accuracy & damage with ranged weapons and melee
   (+6).
   Rampage:   It bestows one free step when moving towards enemies.
   Stlth:     It makes you more stealthy.
 F - a +5 tower shield (worn)
 H - +6 gold dragon scales (worn)
Jewellery
 x - a +5 ring of evasion (left hand)
 y - an amulet of the acrobat (around neck)
 z - a ring of protection from fire
 G - the ring "Rahih" (right hand) {rN+ Will+ Str+3 SInv}
   (You found it in the Dungeon)

   [ring of see invisible]

   Str:       It affects your strength (+3).
   rN:        It protects you from negative energy.
   SInv:      It lets you see invisible.
   Will:      It increases your willpower.
Wands
 c - a wand of flame (20)
 f - a wand of mindburst (12)
 m - a wand of iceblast (10)
Scrolls
 j - 2 scrolls of blinking
 l - 2 scrolls of amnesia
 t - 5 scrolls of identify
 u - 8 scrolls of fog
 B - 2 scrolls of fear
 D - a scroll of magic mapping {unknown}
 E - a scroll of poison {unknown}
Potions
 d - 2 potions of might
 e - a potion of curing
 g - 9 potions of haste
 h - 10 potions of magic
 i - 4 potions of berserk rage
 k - 5 potions of brilliance
 o - a potion of attraction
Miscellaneous
 a - the horn of Geryon


   Skills:
 O Level 27 Fighting
 + Level 11.2(13.2) Short Blades
 + Level 12.2(14.3) Long Blades
 O Level 27 Axes
 + Level 12.2(22.3) Maces & Flails
 + Level 12.3(22.3) Polearms
 + Level 12.2(16.1) Staves
 O Level 27 Ranged Weapons
 + Level 10.4 Throwing
 O Level 27 Armour
 O Level 27 Dodging
 + Level 9.4 Stealth
 O Level 27 Shields
 O Level 27 Unarmed Combat
 O Level 27 Spellcasting
 + Level 10.5 Conjurations
 + Level 9.7 Hexes
 + Level 12.4 Summonings
 + Level 10.5 Necromancy
 + Level 10.4 Translocations
 + Level 11.3 Transmutations
 + Level 10.5 Fire Magic
 + Level 10.7 Ice Magic
 + Level 10.6 Air Magic
 + Level 11.5 Earth Magic
 + Level 10.4 Poison Magic
 O Level 27 Invocations
 O Level 27 Evocations


You had 76 spell levels left.
You didn't know any spells.
Your spell library was empty.

Dungeon Overview and Level Annotations

Branches:
Dungeon (1/1)

Altars:
Cheibriados
Dithmenos
Elyvilon
Fedhas
Gozag
Hepliaklqana
Kikubaaqudgha
Makhleb
Nemelex Xobeh
Okawaru
Qazlal
Ru
Sif Muna
Trog
Uskayaw
Vehumet
Wu Jian
Xom
Yredelemnul
Zin
The Shining One
Jiyva
Lugonu

Shops:
D (([=


Innate Abilities, Weirdness & Mutations

You have a pair of horns on your head.
You reflexively headbutt those who attack you in melee.
Your magical capacity is low. (-10% MP)
You occasionally shout uncontrollably at your foes.
You are resistant to electric shocks. (rElec)
Your muscles are strong. (Str +4, Int/Dex -1)
You are vulnerable to cold. (rC-)


Message History

You hit the Hell Sentinel but do no damage.
The Hell Sentinel is heavily wounded.
You slice the Hell Sentinel!! You headbutt the Hell Sentinel.
The Hell Sentinel is severely wounded.
You block the Hell Sentinel's attack. x2
You open the Hell Sentinel like a pillowcase!!!
You headbutt the Hell Sentinel, but do no damage.
The Hell Sentinel is almost dead.
You block the Hell Sentinel's attack. x2
Unknown command.
You hit the Hell Sentinel.
You kill the Hell Sentinel!
Qazlal accepts your kill.
You have reached level 23!
Unknown command.
Unknown command.
Items here: )))))) [[.
There is an open door to the Dungeon, spattered with blood here.
Items here: ))))) [.
As you close the door, it creaks loudly!
You start resting.
Your protection from physical attacks is fading.
You start resting.
You feel less protected from physical attacks.
You start resting.
You start resting.
You start resting.
You start resting.
You start resting.
You start resting.
HP restored.
You start waiting.
You start waiting.
You start waiting.
Done waiting.
Items here: ))) [.
There is a staircase leading out of the dungeon, spattered with blood here.
Items here: )))))))) [.
Search for what [Enter for "expe", or ? for help]? ancien You have escaped!

▓.)†.......)..)).)
▓)▓▓▓▓▓▓▓▓▓▓▓▓▓▓▓▓
▓.................
▓▓▓▓▓▓▓▓▓▓▓▓▓▓▓▓▓▓
▓.......'.....)}).
▓.▓▓▓▓▓▓▓▓▓▓▓▓▓▓▓▓
▓.................
▓▓▓▓▓▓▓▓▓▓▓▓▓▓▓▓▓▓
▓@.))+).)..[.)...'
▓▓▓▓▓▓▓▓▓▓▓▓▓▓▓▓▓▓


There were no monsters in sight!

Vanquished Creatures
  the Royal Jelly (D)
  2 seraphim (D)
  19 pandemonium lords (D)
  4 ancient liches (D)
  Mennas (D)
  3 orbs of fire (D)
  A juggernaut (D)
  Sojobo (D)
  Boris (D)
  4 royal mummies (D)
  A Killer Klown (D)
  A curse toe (D)
  Xtahua (D)
  Frederick (D)
  Margery (D)
  Jory (D)
  Geryon (D)
  4 golden dragons (D)
  3 profane servitors (D)
  3 bone dragons (D)
  2 electric golems (D)
  7 Brimstone Fiends (D)
  3 Tzitzimimeh (D)
  A hellephant (D)
  6 tentacled monstrosities (D)
  7 Ice Fiends (D)
  55 Orb Guardians (D)
  A quicksilver dragon (D)
  11 Hell Sentinels (D)
  7 liches (D)
  3 deep elf blademasters (D)
  2 deep elf master archers (D)
  7 acid blobs (D)
  9 Executioners (D)
  13 sphinxes (D)
  2 death cobs (D)
  Gastronok (D)
  A thorn hunter (D)
  4 tengu reavers (D)
  9 shadow dragons (D)
  2 rockslimes (D)
  4 nagarajas (D)
  Ilsuiw (D)
  8 azure jellies (D)
  5 storm dragons (D)
  2 draconian monks (D)
  A fenstrider witch (D)
  3 fire giants (D)
  5 daevas (D)
  3 demonspawn warmongers (D)
  8 vault wardens (D)
  3 draconian knights (D)
  6 emperor scorpions (D)
  A deep elf sorcerer (D)
  Louise (D)
  9 balrugs (D)
  A draconian scorcher (D)
  5 ghost moths (D)
  A cacodemon (D)
  2 draconian annihilators (D)
  2 draconian stormcallers (D)
  3 very ugly things (D)
  3 angels (D)
  3 draconian shifters (D)
  9 reapers (D)
  4 ironbound preservers (D)
  2 stone giants (D)
  A war gargoyle (D)
  A quicksilver ooze (D)
  2 deep elf demonologists (D)
  2 demonspawn black suns (D)
  6 vampire knights (D)
  5 lorocyprocas (D)
  2 bunyips (D)
  2 black draconians (D)
  2 white draconians (D)
  2 dire elephants (D)
  2 spark wasps (D)
  2 yellow draconians (D)
  4 red draconians (D)
  3 purple draconians (D)
  6 blizzard demons (D)
  2 deep elf death magi (D)
  3 mummy priests (D)
  3 ettins (D)
  5 green deaths (D)
  2 merfolk javelineers (D)
  6 merfolk impalers (D)
  2 yaktaur captains (D)
  Snorg (D)
  4 fire dragons (D)
  25 vault guards (D)
  6 hell beasts (D)
  4 deep elf high priests (D)
  2 ice dragons (D)
  A peacekeeper (D)
  A catoblepas (D)
  A merfolk avatar (D)
  An ironbound frostheart (D)
  A spriggan air mage (D)
  10 hydras (D)
  A centaur warrior (D)
  Erica (D)
  2 boulder beetles (D)
  A naga warrior (D)
  2 rakshasas (D)
  A vampire mage (D)
  An alligator (D)
  A two-headed ogre (D)
  2 merfolk aquamancers (D)
  6 tengu warriors (D)
  3 hell hogs (D)
  A deep troll shaman (D)
  2 naga sharpshooters (D)
  2 deep troll earth magi (D)
  Sonja (D)
  5 hell knights (D)
  2 spriggan berserkers (D)
  4 soul eaters (D)
  24 sun demons (D)
  A skyshark (D)
  3 sixfirhies (D)
  2 cherubim (D)
  A sea snake (D)
  4 swamp dragons (D)
  A spriggan druid (D)
  10 shadow demons (D)
  4 glowing orange brains (D)
  An orb spider (shapeshifter) (D)
  A lindwurm (D)
  A harpy (D)
  2 necromancers (D)
  An ugly thing (D)
  2 ironbound convokers (D)
  A deep elf pyromancer (D)
  A mana viper (D)
  An orc knight (D)
  2 manticores (D)
  2 worldbinders (D)
  3 wolf spiders (D)
  A cyclops (D)
  3 orc sorcerers (D)
  A will-o-the-wisp (D)
  7 elephants (D)
  A merfolk siren (D)
  A toenail golem (D)
  5 naga magi (D)
  3 rust devils (D)
  11 moths of wrath (D)
  8 vault sentinels (D)
  2 black mambas (D)
  7 orange demons (D)
  4 demonic crawlers (D)
  4 cane toads (D)
  6 guardian serpents (D)
  2 smoke demons (D)
  A rime drake (D)
  9 hellions (D)
  An unseen horror (D)
  5 efreet (D)
  21 guardian mummies (D)
  A komodo dragon (shapeshifter) (D)
  A komodo dragon (D)
  A yaktaur (D)
  3 tormentors (D)
  5 ice devils (D)
  A tengu conjurer (D)
  An ancient zyme (D)
  5 red devils (D)
  2 merfolk (D)
  3 polar bears (D)
  3 hellwings (D)
  A wandering mushroom (D)
  A tarantella (shapeshifter) (D)
  A wind drake (D)
  A hornet (D)
  2 snapping turtles (D)
  2 culicivoras (D)
  A jumping spider (D)
  8 small abominations (D)
  4 ynoxinuls (D)
  A shadow (D)
  A water elemental (D)
  2 yaks (D)
  A wraith (D)
  27 golden eyes (D)
  11 spriggans (D)
  7 large abominations (D)
  3 neqoxecs (D)
  A basilisk (D)
  Grum (D)
  5 chaos spawn (D)
  2 redbacks (D)
  2 nagas (D)
  4 water moccasins (D)
  5 hell hounds (D)
  2 floating eyes (D)
  2 swamp drakes (D)
  15 orc warriors (D)
  4 wolves (D)
  A centaur (D)
  A gnoll sergeant (D)
  A killer bee (D)
  A quasit (D)
  2 orc priests (D)
  A hound (D)
  12 orc wizards (D)
  A shadow imp (D)
  A dart slug (D)
  6 orcs (D)
  2 bats (D)
  A hobgoblin (D)
  A quokka (D)
  A ball python (D)
  A bat simulacrum (D)
  A frilled lizard (D)
810 creatures vanquished.

Vanquished Creatures (others)
  A balrug (D)
  A small abomination (D)
  An orc wizard (D)
3 creatures vanquished.

Grand Total: 813 creatures vanquished

Notes
Turn   | Place    | Note
-------+----------+-------------------------------------------
     0 | D        | Groucho the Minotaur Fighter began the quest for the Orb.
     0 | D        | Reached XP level 1. HP: 19/19 MP: 0/0
    19 | D        | Noticed a centaur
    19 | D        | Noticed a hound
    23 | D        | Reached XP level 2. HP: 25/28 MP: 1/1
    32 | D        | Killed a centaur
    33 | D        | Reached skill level 5 in Axes
    33 | D        | Reached XP level 3. HP: 14/38 MP: 2/2
    33 | D        | Reached XP level 4. HP: 17/45 MP: 3/3
    40 | D        | Found a snail-covered altar of Cheibriados.
    40 | D        | Found a shadowy altar of Dithmenos.
    40 | D        | Found a white marble altar of Elyvilon.
    40 | D        | Found a blossoming altar of Fedhas.
    40 | D        | Found an opulent altar of Gozag.
    41 | D        | Found a hazy altar of Hepliaklqana.
    42 | D        | Found a viscous altar of Jiyva.
    43 | D        | Found an ancient bone altar of Kikubaaqudgha.
    44 | D        | Found a corrupted altar of Lugonu.
    45 | D        | Found a burning altar of Makhleb.
    46 | D        | Found a sparkling altar of Nemelex Xobeh.
    47 | D        | Found an iron altar of Okawaru.
    48 | D        | Found a stormy altar of Qazlal.
    49 | D        | Found a sacrificial altar of Ru.
    50 | D        | Found a shimmering blue altar of Sif Muna.
    51 | D        | Found a bloodstained altar of Trog.
    52 | D        | Found a hide-covered altar of Uskayaw.
    53 | D        | Found a radiant altar of Vehumet.
    54 | D        | Found an ornate altar of the Wu Jian Council.
    55 | D        | Found a shimmering altar of Xom.
    56 | D        | Became a worshipper of Qazlal Stormbringer
    57 | D        | Found a basalt altar of Yredelemnul.
    58 | D        | Found a glowing silver altar of Zin.
    59 | D        | Found a glowing golden altar of the Shining One.
    75 | D        | Got the +3 war axe "Testudinebane" {venom, rElec rF- rN+}
   111 | D        | Noticed a two-headed ogre
   111 | D        | Noticed a yak
   111 | D        | Noticed a shadow
   111 | D        | Noticed a hornet
   117 | D        | Killed an unseen horror
   118 | D        | Reached skill level 5 in Invocations
   118 | D        | Reached XP level 5. HP: 33/53 MP: 3/7
   118 | D        | Reached XP level 6. HP: 38/61 MP: 3/8
   124 | D        | Killed a two-headed ogre
   125 | D        | Reached XP level 7. HP: 22/70 MP: 3/11
   128 | D        | Killed a yak
   128 | D        | Reached * piety under Qazlal
   129 | D        | Reached XP level 8. HP: 19/79 MP: 4/13
   132 | D        | Reached skill level 10 in Shields
   134 | D        | Paralysed by a hornet for 3 turns
   137 | D        | Killed a hornet
   137 | D        | Reached ** piety under Qazlal
   138 | D        | Reached skill level 10 in Fighting
   138 | D        | Reached skill level 10 in Armour
   398 | D        | Noticed a cyan ugly thing
   398 | D        | Noticed a deep elf pyromancer
   398 | D        | Noticed an efreet
   404 | D        | Killed a cyan ugly thing
   409 | D        | Reached XP level 9. HP: 83/86 MP: 13/15
   411 | D        | Killed an efreet
   412 | D        | Reached skill level 10 in Invocations
   428 | D        | Killed a deep elf pyromancer
   428 | D        | Reached *** piety under Qazlal
   918 | D        | Noticed a cane toad
   918 | D        | Noticed a cane toad
   918 | D        | Noticed a rime drake
   919 | D        | Noticed a seven-headed hydra
   930 | D        | Noticed a black mamba
   934 | D        | Killed a cane toad
   934 | D        | Killed a nine-headed hydra
   934 | D        | Reached **** piety under Qazlal
   935 | D        | Reached XP level 10. HP: 64/97 MP: 13/17
   936 | D        | Reached skill level 15 in Axes
   936 | D        | Killed a cane toad
   937 | D        | Killed a black mamba
  1275 | D        | Noticed a cane toad
  1275 | D        | Noticed a catoblepas
  1282 | D        | Killed a cane toad
  1287 | D        | Noticed a skyshark
  1288 | D        | Noticed a cane toad
  1302 | D        | Killed a catoblepas
  1308 | D        | Reached ***** piety under Qazlal
  1317 | D        | Killed a skyshark
  1320 | D        | Killed a cane toad
  1321 | D        | Reached XP level 11. HP: 56/107 MP: 17/20
  1711 | D        | Noticed a dire elephant
  1730 | D        | Killed a dire elephant
  1766 | D        | Reached ****** piety under Qazlal
  1994 | D        | Noticed Erica
  2010 | D        | Killed Erica
  2011 | D        | Reached skill level 1 in Dodging
  2473 | D        | Reached skill level 15 in Invocations
  2587 | D        | Found Jeodoum's Antique Weapon Emporium.
  2587 | D        | Noticed an orc sorcerer
  2587 | D        | Noticed an orc sorcerer
  2589 | D        | Paralysed by an orc sorcerer for 2 turns
  2593 | D        | Killed an orc sorcerer
  2596 | D        | Killed an orc sorcerer
  2599 | D        | Found Geppejol's Weapon Shoppe.
  2602 | D        | Noticed an orc sorcerer
  2602 | D        | Killed an orc sorcerer
  2604 | D        | Found Laet's Antique Armour Emporium.
  2613 | D        | Found Cufej's Jewellery Shoppe.
  2680 | D        | Bought a shiny plate armour for 702 gold pieces
  2682 | D        | Bought a +5 ring of evasion for 468 gold pieces
  2682 | D        | Bought an amulet of the acrobat for 390 gold pieces
  2682 | D        | Bought a ring of protection from fire for 325 gold pieces
  3053 | D        | Noticed Gastronok
  3072 | D        | Killed Gastronok
  3073 | D        | Reached skill level 15 in Fighting
  3073 | D        | Reached skill level 15 in Armour
  3073 | D        | Reached skill level 5 in Dodging
  3073 | D        | Reached skill level 15 in Shields
  3073 | D        | Reached XP level 12. HP: 121/121 MP: 21/23
  3087 | D        | Noticed Sonja
  3099 | D        | Killed Sonja
  3203 | D        | Got the +0 pair of boots "Foong" {Rampage Int-3 Slay+6
                  | Stlth+}
  3261 | D        | Noticed a fire dragon
  3261 | D        | Noticed a tengu warrior
  3271 | D        | Killed a fire dragon
  3271 | D        | Noticed a boulder beetle
  3272 | D        | Noticed a tengu warrior
  3274 | D        | Noticed a fire dragon
  3278 | D        | Killed a tengu warrior
  3279 | D        | Noticed a green very ugly thing
  3280 | D        | Noticed a cyan very ugly thing
  3281 | D        | Noticed a tengu warrior
  3289 | D        | Killed a boulder beetle
  3293 | D        | Noticed a tengu warrior
  3298 | D        | Killed a cyan very ugly thing
  3308 | D        | Killed a cyan very ugly thing
  3310 | D        | Killed a tengu warrior
  3312 | D        | Killed a tengu warrior
  3313 | D        | Killed a fire dragon
  3328 | D        | Killed a tengu warrior
  3628 | D        | Noticed Grum
  3636 | D        | Killed Grum
  3897 | D        | Noticed a bunyip
  3897 | D        | Noticed an eight-headed hydra
  3897 | D        | Noticed a thorn hunter
  3897 | D        | Noticed a fenstrider witch
  3897 | D        | Noticed a seven-headed hydra
  3902 | D        | Noticed an eight-headed hydra
  3904 | D        | Reached XP level 13. HP: 132/132 MP: 25/25
  3906 | D        | Killed a thorn hunter
  3907 | D        | Killed a fenstrider witch
  3909 | D        | Reached skill level 10 in Dodging
  3913 | D        | Killed a bunyip
  3918 | D        | Noticed a bunyip
  3920 | D        | Killed a bunyip
  4307 | D        | Noticed a spark wasp
  4332 | D        | Killed a spark wasp
  4703 | D        | Noticed a nagaraja
  4719 | D        | Killed a nagaraja
  4879 | D        | Noticed Snorg
  4889 | D        | Killed Snorg
  5001 | D        | Noticed an ettin
  5001 | D        | Noticed an ettin
  5005 | D        | Killed an ettin
  5005 | D        | Noticed a stone giant
  5007 | D        | Killed an ettin
  5011 | D        | Noticed a fire giant
  5048 | D        | Killed a stone giant
  5052 | D        | Killed a fire giant
  5077 | D        | Noticed an ettin
  5080 | D        | Killed an ettin
  5081 | D        | Reached XP level 14. HP: 92/146 MP: 24/27
  5104 | D        | Noticed a shadow dragon
  5111 | D        | Killed a shadow dragon
  5548 | D        | Noticed an ironbound preserver
  5549 | D        | Noticed a vault warden
  5552 | D        | Killed an ironbound preserver
  5552 | D        | Killed a vault warden
  5560 | D        | Noticed a vault warden
  5561 | D        | Noticed an ironbound preserver
  5564 | D        | Noticed a red very ugly thing
  5565 | D        | Killed an ironbound preserver
  5566 | D        | Killed a vault warden
  5567 | D        | Noticed an ironbound preserver
  5568 | D        | Noticed a vault warden
  5573 | D        | Noticed a vault warden
  5578 | D        | Killed a red very ugly thing
  5587 | D        | Killed a vault warden
  5596 | D        | Killed a vault warden
  5598 | D        | Killed an ironbound preserver
  5853 | D        | Noticed Jory
  5881 | D        | Killed Jory
  5882 | D        | Reached skill level 15 in Dodging
  6275 | D        | Noticed Boris
  6309 | D        | Killed Boris
  6688 | D        | Noticed Margery
  6706 | D        | Killed Margery
  6857 | D        | Reached XP level 15. HP: 158/158 MP: 29/29
  6913 | D        | Got a decaying rune of Zot
  7314 | D        | Noticed an emperor scorpion
  7314 | D        | Noticed an emperor scorpion
  7314 | D        | Noticed an emperor scorpion
  7321 | D        | Noticed an emperor scorpion
  7329 | D        | Killed an emperor scorpion
  7340 | D        | Killed an emperor scorpion
  7344 | D        | Killed an emperor scorpion
  7359 | D        | Killed an emperor scorpion
  7487 | D        | Noticed an emperor scorpion
  7488 | D        | Noticed an emperor scorpion
  7500 | D        | Killed an emperor scorpion
  7506 | D        | Killed an emperor scorpion
  7516 | D        | Got a gossamer rune of Zot
  7820 | D        | Noticed Ilsuiw
  7823 | D        | Killed Ilsuiw
  7866 | D        | Got a barnacled rune of Zot
  8261 | D        | Noticed a nagaraja
  8264 | D        | Noticed a nagaraja
  8272 | D        | Noticed a nagaraja
  8279 | D        | Killed a nagaraja
  8282 | D        | Killed a nagaraja
  8290 | D        | Killed a nagaraja
  8309 | D        | Got a serpentine rune of Zot
  8691 | D        | Noticed Louise
  8704 | D        | Killed Louise
  8756 | D        | Noticed Xtahua
  8758 | D        | Noticed Mennas
  8771 | D        | Killed Xtahua
  8800 | D        | Killed Mennas
  9117 | D        | Reached skill level 27 in Invocations
  9117 | D        | Reached XP level 16. HP: 174/174 MP: 32/32
  9291 | D        | Noticed a tengu reaver
  9291 | D        | Noticed a golden dragon
  9292 | D        | Killed a tengu reaver
  9293 | D        | Noticed a sphinx
  9298 | D        | Killed a golden dragon
  9303 | D        | Killed a sphinx
  9304 | D        | Noticed a shadow dragon
  9308 | D        | Killed a shadow dragon
  9316 | D        | Noticed a shadow dragon
  9330 | D        | Killed a shadow dragon
  9331 | D        | Noticed a royal mummy
  9331 | D        | Noticed an Orb Guardian
  9331 | D        | Noticed a tentacled monstrosity
  9342 | D        | Killed an Orb Guardian
  9350 | D        | Killed a tentacled monstrosity
  9354 | D        | Killed a royal mummy
  9780 | D        | Noticed a shadow dragon
  9780 | D        | Noticed a quicksilver dragon
  9780 | D        | Noticed a tentacled monstrosity
  9780 | D        | Noticed a shadow dragon
  9796 | D        | Noticed a shadow dragon
  9803 | D        | Noticed a tengu reaver
  9804 | D        | Killed a tentacled monstrosity
  9805 | D        | Reached skill level 27 in Fighting
  9810 | D        | Killed a shadow dragon
  9811 | D        | Reached skill level 27 in Armour
  9811 | D        | Reached skill level 27 in Shields
  9819 | D        | Killed a quicksilver dragon
  9823 | D        | Reached skill level 5 in Ranged Weapons
  9832 | D        | Killed a shadow dragon
  9840 | D        | Killed a shadow dragon
  9841 | D        | Identified the +6 short sword "Zeptimn" {drain, *Corrode
                  | rElec Dex+3}
  9848 | D        | Killed a tengu reaver
  9853 | D        | Got a silver rune of Zot
 10064 | D        | Noticed Frederick
 10076 | D        | Killed Frederick
 10077 | D        | Reached XP level 17. HP: 150/191 MP: 33/33
 10385 | D        | Got the ring "Mutecu" {*Slow rPois rF++ rC- rCorr Int+2}
 10388 | D        | Got the ring "Huhafock" {rPois Will+}
 10390 | D        | Found the +7 lajatang of Order {silver, rMut}
 10391 | D        | Got the ring "Xeikiah" {Contam Will- rCorr Str+8 Stlth+}
 10394 | D        | Got the ring "Rahih" {rN+ Will+ Str+3 SInv}
 10522 | D        | Noticed Sojobo
 10535 | D        | Reached skill level 10 in Ranged Weapons
 10540 | D        | Killed Sojobo
 10723 | D        | Noticed a golden dragon
 10723 | D        | Noticed a juggernaut
 10734 | D        | Killed a golden dragon
 10739 | D        | Killed a juggernaut
 10842 | D        | Noticed a bone dragon
 10842 | D        | Noticed a bone dragon
 10842 | D        | Noticed a bone dragon
 10851 | D        | Killed a bone dragon
 10852 | D        | Reached skill level 15 in Ranged Weapons
 10862 | D        | Killed a bone dragon
 10875 | D        | Killed a bone dragon
 11298 | D        | Noticed a tentacled monstrosity
 11301 | D        | Killed a tentacled monstrosity
 11483 | D        | Reached skill level 1 in Unarmed Combat
 11713 | D        | Noticed a curse toe
 11713 | D        | Noticed a tentacled monstrosity
 11714 | D        | Killed a tentacled monstrosity
 11720 | D        | Killed a curse toe
 12033 | D        | Noticed a tentacled monstrosity
 12042 | D        | Killed a tentacled monstrosity
 12613 | D        | Noticed an Orb Guardian
 12613 | D        | Noticed an Orb Guardian
 12613 | D        | Noticed an Orb Guardian
 12613 | D        | Noticed an Orb Guardian
 12613 | D        | Noticed an Orb Guardian
 12613 | D        | Noticed an Orb Guardian
 12616 | D        | Noticed an Orb Guardian
 12619 | D        | Killed an Orb Guardian
 12622 | D        | Noticed an Orb Guardian
 12625 | D        | Killed an Orb Guardian
 12626 | D        | Reached XP level 18. HP: 200/200 MP: 34/34
 12629 | D        | Killed an Orb Guardian
 12630 | D        | Reached skill level 10 in Unarmed Combat
 12633 | D        | Killed an Orb Guardian
 12639 | D        | Killed an Orb Guardian
 12645 | D        | Killed an Orb Guardian
 12649 | D        | Noticed an Orb Guardian
 12653 | D        | Killed an Orb Guardian
 12654 | D        | Reached skill level 27 in Dodging
 12658 | D        | Killed an Orb Guardian
 12663 | D        | Killed an Orb Guardian
 12664 | D        | Noticed an Orb Guardian
 12672 | D        | Killed an Orb Guardian
 12678 | D        | Noticed a tentacled monstrosity
 12678 | D        | Noticed an Orb Guardian
 12678 | D        | Noticed an Orb Guardian
 12678 | D        | Noticed an Orb Guardian
 12682 | D        | Noticed an Orb Guardian
 12686 | D        | Killed a tentacled monstrosity
 12694 | D        | Killed an Orb Guardian
 12697 | D        | Killed an Orb Guardian
 12711 | D        | Killed an Orb Guardian
 12714 | D        | Killed an Orb Guardian
 12727 | D        | Noticed an ancient lich
 12738 | D        | Killed an ancient lich
 12741 | D        | Noticed an orb of fire
 12745 | D        | Lost intelligence.
 12745 | D        | Gained mutation: You are dopey. (Int -2) [an orb of fire]
 12754 | D        | Gained mutation: You are partially covered in iridescent
                  | scales. (AC +2) [an orb of fire]
 12764 | D        | Gained mutation: Your body sometimes deteriorates upon
                  | taking damage. [an orb of fire]
 12766 | D        | Killed an orb of fire
 14075 | D        | Lost mutation: Your body sometimes deteriorates upon taking
                  | damage. [potion of mutation]
 14075 | D        | Lost mutation: You are dopey. (Int -2) [potion of mutation]
 14075 | D        | Lost mutation: You are partially covered in iridescent
                  | scales. (AC +2) [potion of mutation]
 14075 | D        | Gained mutation: Your magical capacity is low. (-10% MP)
                  | [potion of mutation]
 14075 | D        | Gained mutation: Your muscles are strong. (Str +4, Int/Dex
                  | -1) [potion of mutation]
 14075 | D        | Gained mutation: You are resistant to electric shocks.
                  | (rElec) [potion of mutation]
 14332 | D        | Noticed an electric golem
 14346 | D        | Killed an electric golem
 14466 | D        | Noticed an orb of fire
 14466 | D        | Noticed an electric golem
 14466 | D        | Noticed an Orb Guardian
 14467 | D        | Killed an Orb Guardian
 14468 | D        | Killed an electric golem
 14469 | D        | Reached skill level 27 in Axes
 14469 | D        | Reached skill level 27 in Ranged Weapons
 14469 | D        | Reached skill level 15 in Unarmed Combat
 14470 | D        | Noticed an orb of fire
 14473 | D        | Gained mutation: You occasionally shout uncontrollably at
                  | your foes. [an orb of fire]
 14474 | D        | Noticed a golden dragon
 14475 | D        | Killed an orb of fire
 14483 | D        | Noticed a golden dragon
 14487 | D        | Killed a golden dragon
 14487 | D        | Killed a golden dragon
 14491 | D        | Gained mutation: You are vulnerable to cold. (rC-) [an orb
                  | of fire]
 14492 | D        | Killed an orb of fire
 14493 | D        | Noticed a Killer Klown
 14494 | D        | Noticed an Orb Guardian
 14504 | D        | Killed a Killer Klown
 14511 | D        | Killed an Orb Guardian
 14845 | D        | Noticed an Orb Guardian
 14845 | D        | Noticed an Orb Guardian
 14845 | D        | Noticed an Orb Guardian
 14845 | D        | Noticed an Orb Guardian
 14845 | D        | Noticed an Orb Guardian
 14845 | D        | Noticed an Orb Guardian
 14847 | D        | Killed an Orb Guardian
 14847 | D        | Noticed an Orb Guardian
 14850 | D        | Killed an Orb Guardian
 14854 | D        | Killed an Orb Guardian
 14861 | D        | Killed an Orb Guardian
 14866 | D        | Killed an Orb Guardian
 14873 | D        | Killed an Orb Guardian
 14882 | D        | Killed an Orb Guardian
 14886 | D        | Noticed an Orb Guardian
 14887 | D        | Noticed an Orb Guardian
 14887 | D        | Noticed an Orb Guardian
 14889 | D        | Noticed an Orb Guardian
 14891 | D        | Killed an Orb Guardian
 14895 | D        | Killed an Orb Guardian
 14904 | D        | Killed an Orb Guardian
 14912 | D        | Killed an Orb Guardian
 14913 | D        | Reached skill level 27 in Unarmed Combat
 14913 | D        | Reached skill level 1 in Evocations
 14913 | D        | Reached XP level 19. HP: 183/207 MP: 31/31
 14917 | D        | Reached skill level 1 in Spellcasting
 15042 | D        | Noticed an ancient lich
 15043 | D        | Noticed an ancient lich
 15049 | D        | Noticed an ancient lich
 15065 | D        | Killed an ancient lich
 15066 | D        | Reached skill level 5 in Spellcasting
 15070 | D        | Killed an ancient lich
 15076 | D        | Killed an ancient lich
 15077 | D        | Reached skill level 10 in Evocations
 15718 | D        | Reached skill level 10 in Spellcasting
 15765 | D        | Got an elven rune of Zot
 16182 | D        | Reached skill level 15 in Evocations
 16185 | D        | Noticed the Royal Jelly
 16187 | D        | Killed the Royal Jelly
 16491 | D        | Got a slimy rune of Zot
 16593 | D        | Paralysed by a sphinx for 4 turns
 16599 | D        | Reached skill level 15 in Spellcasting
 17800 | D        | Lost intelligence.
 18432 | D        | Noticed a royal mummy
 18434 | D        | Noticed a royal mummy
 18435 | D        | Reached XP level 20. HP: 200/216 MP: 35/35
 18436 | D        | Killed a royal mummy
 18436 | D        | Noticed a royal mummy
 18437 | D        | Killed a royal mummy
 18449 | D        | Killed a royal mummy
 19110 | D        | Got a golden rune of Zot
 19151 | D        | Got an abyssal rune of Zot
 19676 | D        | Noticed Geryon
 19688 | D        | Killed Geryon
 20308 | D        | Got the Orb of Zot
 20536 | D        | Noticed Uklae the pandemonium lord
 20561 | D        | Killed Uklae the pandemonium lord
 20687 | D        | Noticed a profane servitor
 20695 | D        | Killed a profane servitor
 21230 | D        | Noticed Xoychiub the pandemonium lord
 21269 | D        | HP: 5/216 [Xoychiub the pandemonium lord (33)]
 21272 | D        | Killed Xoychiub the pandemonium lord
 21813 | D        | Noticed a seraph
 21815 | D        | Reached skill level 27 in Evocations
 21819 | D        | Killed a seraph
 22030 | D        | Noticed Uten Zya the pandemonium lord
 22044 | D        | Killed Uten Zya the pandemonium lord
 22303 | D        | Noticed Woamiq the pandemonium lord
 22316 | D        | Killed Woamiq the pandemonium lord
 22594 | D        | Reached XP level 21. HP: 102/224 MP: 44/44
 22637 | D        | Noticed Beupsaeg the pandemonium lord
 22652 | D        | Killed Beupsaeg the pandemonium lord
 22808 | D        | Noticed Gebuf the pandemonium lord
 22823 | D        | Killed Gebuf the pandemonium lord
 22882 | D        | Noticed Tishryw the pandemonium lord
 22901 | D        | Killed Tishryw the pandemonium lord
 22902 | D        | Reached skill level 27 in Spellcasting
 22902 | D        | Reached skill level 1 in Conjurations
 22902 | D        | Reached skill level 1 in Summonings
 22902 | D        | Reached skill level 1 in Translocations
 22902 | D        | Reached skill level 1 in Transmutations
 22902 | D        | Reached skill level 1 in Air Magic
 22902 | D        | Reached skill level 1 in Earth Magic
 23040 | D        | Reached skill level 1 in Hexes
 23040 | D        | Reached skill level 1 in Necromancy
 23040 | D        | Reached skill level 1 in Fire Magic
 23040 | D        | Reached skill level 1 in Ice Magic
 23040 | D        | Reached skill level 1 in Poison Magic
 23137 | D        | Noticed Diaru the pandemonium lord
 23147 | D        | Killed Diaru the pandemonium lord
 23148 | D        | HP: 9/224 [Hell Sentinel/damnation (47)]
 23501 | D        | Reached skill level 5 in Summonings
 23550 | D        | Noticed Nyg Ufon the pandemonium lord
 23556 | D        | Killed Nyg Ufon the pandemonium lord
 23687 | D        | Reached skill level 5 in Transmutations
 23687 | D        | Reached skill level 5 in Earth Magic
 23867 | D        | Reached skill level 5 in Conjurations
 23867 | D        | Reached skill level 5 in Fire Magic
 23906 | D        | Reached skill level 5 in Necromancy
 23906 | D        | Reached skill level 5 in Translocations
 23906 | D        | Reached skill level 5 in Ice Magic
 23906 | D        | Reached skill level 5 in Air Magic
 23906 | D        | Reached skill level 5 in Poison Magic
 24081 | D        | Reached skill level 5 in Hexes
 26413 | D        | Noticed Xeriaf the pandemonium lord
 26433 | D        | Killed Xeriaf the pandemonium lord
 27260 | D        | Reached skill level 1 in Short Blades
 27260 | D        | Reached skill level 1 in Long Blades
 27260 | D        | Reached skill level 1 in Maces & Flails
 27260 | D        | Reached skill level 1 in Polearms
 27260 | D        | Reached skill level 1 in Staves
 27260 | D        | Reached skill level 1 in Throwing
 27260 | D        | Reached skill level 1 in Stealth
 33339 | D        | Noticed Nulayf the pandemonium lord
 33364 | D        | Killed Nulayf the pandemonium lord
 33365 | D        | Reached skill level 10 in Summonings
 33784 | D        | Noticed a profane servitor
 33794 | D        | Killed a profane servitor
 33923 | D        | Reached XP level 22. HP: 233/233 MP: 46/46
 34666 | D        | Reached skill level 5 in Polearms
 34679 | D        | Reached skill level 5 in Maces & Flails
 34679 | D        | Reached skill level 5 in Staves
 34684 | D        | Reached skill level 5 in Long Blades
 35073 | D        | Reached skill level 5 in Short Blades
 35079 | D        | Reached skill level 5 in Throwing
 36046 | D        | Noticed Baul the pandemonium lord
 36047 | D        | Killed Baul the pandemonium lord
 36048 | D        | Reached skill level 5 in Stealth
 36675 | D        | Noticed Baant the pandemonium lord
 36680 | D        | Killed Baant the pandemonium lord
 37965 | D        | Noticed Yqulewkee the pandemonium lord
 37971 | D        | Killed Yqulewkee the pandemonium lord
 44492 | D        | Noticed Zachyez the pandemonium lord
 44511 | D        | Killed Zachyez the pandemonium lord
 45774 | D        | Reached skill level 10 in Earth Magic
 46649 | D        | Reached skill level 10 in Transmutations
 49016 | D        | Reached skill level 10 in Maces & Flails
 49016 | D        | Reached skill level 10 in Polearms
 49997 | D        | Reached skill level 10 in Long Blades
 52410 | D        | Reached skill level 10 in Staves
 52530 | D        | Noticed Vutseu the pandemonium lord
 52538 | D        | Killed Vutseu the pandemonium lord
 53434 | D        | Noticed Cyudel the pandemonium lord
 53436 | D        | Killed Cyudel the pandemonium lord
 53645 | D        | Reached skill level 10 in Ice Magic
 54634 | D        | Noticed Samn the pandemonium lord
 54656 | D        | Killed Samn the pandemonium lord
 54657 | D        | Reached skill level 10 in Short Blades
 54657 | D        | Reached skill level 10 in Conjurations
 54657 | D        | Reached skill level 10 in Necromancy
 54657 | D        | Reached skill level 10 in Fire Magic
 54657 | D        | Reached skill level 10 in Air Magic
 54683 | D        | Reached skill level 10 in Translocations
 54683 | D        | Reached skill level 10 in Poison Magic
 58406 | D        | Noticed Okhlofuqisk the pandemonium lord
 58410 | D        | Killed Okhlofuqisk the pandemonium lord
 58591 | D        | Noticed a seraph
 58610 | D        | Killed a seraph
 58611 | D        | Reached skill level 10 in Throwing
 59091 | D        | Reached XP level 23. HP: 182/240 MP: 47/47
 59326 | D        | Escaped with the Orb!

Illustrated notes

Levels and vault maps discovered:
D:        linesprint [early_d, line_temple, items_1, d_10, items_2, lair_1,
          lair_end, items_3, orc_1, orc_end, items_4, d_15, swamp_1, shoals_1,
          snake_1, spider_1, d_20, vaults_1, items_5, swamp_end, shoals_end,
          snake_end, spider_end, vaults_end, d_27, items_6, zot_1, zot_end,
          crypt_end, forest_end, elf_end, slime_end, tomb_end, abyss_end,
          pan_hell_end]

Skill      XL: |  1  2  3  4  5  6  7  8  9 10 11 12 13 14 15 16 17 18 19 20 21 22 |
---------------+-------------------------------------------------------------------+-----
Fighting       | 4 6 8 9 10 12 13 15 17 19 21 23 27 | 27.0
Armour         | 4 6 8 9 10 11 13 15 16 19 21 23 27 | 27.0
Shields        | 4 6 8 9 10 11 13 15 17 19 21 23 27 | 27.0
Axes           | 3 5 9 11 13 14 16 18 19 24 27 | 27.0
Invocations    | 5 7 8 9 11 13 16 18 21 23 27 | 27.0
Dodging        | 5 9 12 15 18 22 26 27 | 27.0
Ranged Weapons | 9 22 27 | 27.0
Unarmed Combat | 9 27 | 27.0
Evocations     | 1 21 27 | 27.0
Spellcasting   | 16 25 27 | 27.0
Conjurations   | 7 10 | 10.5
Summonings     | 10 12 | 12.4
Translocations | 7 10 | 10.4
Transmutations | 8 11 | 11.3
Air Magic      | 7 10 | 10.6
Earth Magic    | 8 11 | 11.5
Hexes          | 6 9 |  9.7
Necromancy     | 7 10 | 10.5
Fire Magic     | 7 10 | 10.5
Ice Magic      | 7 10 | 10.7
Poison Magic   | 7 10 | 10.4
Short Blades   | 4 11 | 11.2
Long Blades    | 4 12 | 12.2
Maces & Flails | 4 12 | 12.2
Polearms       | 4 12 | 12.3
Staves         | 4 12 | 12.2
Throwing       | 3 10 | 10.4
Stealth        | 3 9 |  9.4

Action                     |  1- 3 |  4- 6 |  7- 9 | 10-12 | 13-15 | 16-18 | 19-21 | 22-24 || total
---------------------------+-------+-------+-------+-------+-------+-------+-------+-------++-------
  Melee: War axe           |    21 |    12 |    45 |   192 |       |       |       |       ||   270
         Headbutt          |     3 |     1 |     8 |    94 |   144 |   222 |   202 |   104 ||   778
         Broad axe         |       |       |       |   103 |   508 |   716 |   815 |   377 ||  2519
 Invoke: Upheaval          |       |       |     6 |    15 |    16 |    13 |   117 |    12 ||   179
         Disaster Area     |       |       |       |     3 |     5 |     8 |     9 |     9 ||    34
    Use: Potion            |       |     2 |     2 |     5 |     1 |     5 |     7 |       ||    22
         Scroll            |       |       |       |       |       |       |    17 |       ||    17
   Stab: Invisible         |       |     1 |     3 |       |       |       |       |       ||     4
         Petrified         |       |       |       |    16 |       |       |       |       ||    16
         Distracted        |       |       |       |       |       |       |     1 |     1 ||     2
 Armour: Scale mail        |    15 |       |       |       |       |       |       |       ||    15
         Chain mail        |       |     6 |    15 |    38 |       |       |       |       ||    59
         Plate armour      |       |       |       |    26 |   120 |    58 |    16 |       ||   220
         Gold dragon scale |       |       |       |       |       |       |   101 |    26 ||   127
  Dodge: Dodged            |    12 |     6 |     9 |    42 |    94 |   120 |   119 |    35 ||   437
         Repelled          |       |       |       |     1 |     6 |    12 |     2 |       ||    21
  Block: Buckler           |     7 |     2 |    16 |    64 |       |       |       |       ||    89
         Tower shield      |       |       |       |    78 |   458 |   565 |   609 |   231 ||  1941
